 Dungeon Crawl Stone Soup version 0.31-a0-496-g6f97920a28 (webtiles) character file.

Game seed: 11899086315393242258

133 jasper the Ducker (level 5, 0/42 HPs)
             Began as a Human Wanderer on Aug 8, 2023.
             Was a Follower of Okawaru.
             Killed by nerve-wracking pain
             ... invoked by Menkaure
              (11 damage)
             ... on level 4 of the Dungeon.
             The game lasted 00:05:17 (2667 turns).

jasper the Ducker (Human Wanderer)                  Turns: 2667, Time: 00:05:18

Health: 0/42       AC:  5    Str:  8    XL:     5   Next: 39%
Magic:  19/19      EV: 12    Int: 17    God:    Okawaru [*.....]
Gold:   115        SH:  4    Dex: 14    Spells: 2/6 levels left

rFire   + . .        k - +2 trident (distort)
rCold   . . .        e - +0 buckler
rNeg    . . .        d - +2 leather armour
rPois   .            (no helmet)
rElec   .            (no cloak)
rCorr   .            (no gloves)
SInv    .            (no boots)
Will    .....        q
                       - Hermit's Pendant {Faith Invo=14 Evo=0 MP+5}
Stlth   +            v - ring of protection from fire
HPRegen 0.27/turn    (no ring)
MPRegen 0.16/turn

%: faith
@: no status effects
A: no striking features
a: Renounce Religion, Heroism


You were on level 4 of the Dungeon.
You worshipped Okawaru.
Okawaru was aware of your devotion.
You visited 1 branch of the dungeon, and saw 4 of its levels.

You collected 146 gold pieces.
You spent 31 gold pieces at shops.

Inventory:

Hand Weapons
 a - a +0 dagger
 f - a +0 short sword
 g - a +0 hand axe
 k - a +2 trident of distortion (weapon)
Missiles
 l - 4 poisoned darts (quivered)
Armour
 d - a +2 leather armour (worn)
 e - a +0 buckler (worn)
Jewellery
 q - the Hermit's Pendant (around neck) {Faith Invo=14 Evo=0 MP+5}
   (You found it on level 3 of the Dungeon)

   [amulet of faith]

   Invo=14: It sets your Invocations skill to 14.
   Evo=0: It sets your Evocations skill to 0.
   It allows you to gain divine favour quickly.
   MP:        It affects your magic capacity (+5).
 v - a ring of protection from fire (left hand)
Wands
 i - a wand of polymorph (3)
Potions
 b - a potion of haste
 c - a potion of lignification
 h - 2 potions of curing
 m - a potion of resistance
 p - a potion of attraction
 r - a potion of degeneration
 t - a potion of ambrosia
 u - a potion of heal wounds {unknown}


   Skills:
 + Level 3.7 Fighting
 + Level 1.1 Throwing
 - Level 5.4 Dodging
 + Level 2.1 Shields
 - Level 1.0 Spellcasting
 - Level 1.0 Translocations
 - Level 1.0(0.0) Evocations


You had 2 spell levels left.
You knew the following spells:

 Your Spells              Type           Power      Damage    Failure   Level
a - Blink                 Tloc           8%         N/A       43%         2
b - Wereblood             Tmut           0%         N/A       58%         2

Your spell library contained the following spells:

 Spells                   Type           Power      Damage    Failure   Level
 Lesser Beckoning         Tloc           8%         N/A       43%         2
 Irradiate                Conj/Tmut      0%         3d11      100%        5
 Eringya's Noxious Bog    Tmut/Pois      0%         4d6       100%        6
 Summon Forest            Summ/Tloc      Unusable   N/A       N/A         5
 Summon Hydra             Summ           Unusable   N/A       N/A         7

Dungeon Overview and Level Annotations

Branches:
Dungeon (4/15)
 Temple: D:4-7

Altars:
Okawaru

Shops:
D:2 *

Annotations:
D:4 Menkaure


Message History

As you read the scroll labelled NYXTIOH GAQIAN, it crumbles to dust.
It was a scroll of blinking.
Things that are here:
a +0 short sword; a +0 dagger You see here a +0 scale mail.
There is a stone staircase leading up here.
There is a stone staircase leading down here.
You climb downwards.
There is a stone staircase leading up here.
You open the door.
There is an open door here.
Found a leather armour.
You see here the +0 leather armour of the Many Ziggurats {Stlth+}.
You open the door.
There is an open door here.
A ball python comes into view.
The ball python hisses angrily.
A ball python is nearby!
Menkaure, Prince of Dust comes into view.
Menkaure shouts!
You puncture the ball python!
You kill the ball python!
Okawaru accepts your kill.
You see here a ball python corpse.
Okay, then.
Okay, then.
You closely miss Menkaure. Menkaure hits you!
You take 10 damage, and have 32/42 hp.
MASSIVE DAMAGE!!
You hit Menkaure but do no damage.
Space warps around Menkaure.
Menkaure is lightly damaged.
Menkaure gestures at you while chanting.
Pain shoots through your body!
You take 1 damage, and have 31/42 hp.
You puncture Menkaure!
Space warps around Menkaure.
Menkaure is severely damaged.
Menkaure hits you!!
* * * LOW HITPOINT WARNING * * *
Menkaure points at you and mumbles some strange words.
Pain shoots through your body!
You die...

#..# #..# #..# ### ..# ... ..#
#.# ...####.### . #.#
..........+ ...
##.#######..####.###......#
#.<...........M@†.......... ..
##.#############.###......####.#
#........................#.....
#..#..#######....#######.#.....
#..#..# #....# #.#.....
#..#..#######....#######.#.....
#................'.[...........
##.#.#.######....######........
#.#.......#####.#########.....


You could see Menkaure.

Vanquished Creatures
  Jessica (D:3)
  4 adders (D:3)
  2 worms (D:3)
  A dart slug (D:2)
  2 orcs (D:3)
  6 endoplasms
  2 giant cockroaches (D:1)
  2 hobgoblins (D:1)
  4 jackals (D:2)
  2 quokkas
  5 ball pythons
  3 bats
  11 goblins
  8 kobolds
  2 rats (D:1)
55 creatures vanquished.

Notes
Turn   | Place    | Note
-------+----------+-------------------------------------------
     0 | D:1      | jasper the Human Wanderer began the quest for the Orb.
     0 | D:1      | jasper set off with the following items: a +0 dagger, a
                  | potion of curing, a potion of lignification, a +2 leather
                  | armour; and the following spells available to memorise:
                  | Blink, Lesser Beckoning.
     0 | D:1      | Reached XP level 1. HP: 16/16 MP: 2/2
   221 | D:1      | Reached XP level 2. HP: 9/22 MP: 3/3
   723 | D:1      | Found a faded altar of an unknown god.
   726 | D:1      | Reached XP level 3. HP: 28/28 MP: 4/4
   728 | D:1      | Prayed at the altar of an unknown god.
   728 | D:1      | Became a worshipper of Warmaster Okawaru
   728 | D:1      | Reached * piety under Okawaru
  1169 | D:2      | Found Loanaf Ets's Assorted Antiques.
  1258 | D:2      | Bought a scroll labelled KIN ZUPTALED for 31 gold pieces
  1310 | D:2      | Learned a level 2 spell: Blink
  1313 | D:2      | Learned a level 2 spell: Wereblood
  1647 | D:3      | Noticed Terence
  1651 | D:3      | Terence changed into Terence the endoplasm
  1651 | D:3      | Noticed Terence
  1654 | D:3      | Killed Terence the endoplasm
  1733 | D:3      | Noticed Jessica
  1740 | D:3      | Killed Jessica
  1741 | D:3      | Reached skill level 1 in Shields
  1741 | D:3      | Reached XP level 4. HP: 35/35 MP: 5/5
  1910 | D:3      | Found the Hermit's Pendant {Faith Invo=14 Evo=0 MP+5}
  2069 | D:3      | Reached XP level 5. HP: 40/41 MP: 14/14
  2129 | D:3      | Reached skill level 1 in Throwing
  2651 | D:4      | Identified the +0 leather armour of the Many Ziggurats
                  | {Stlth+}
  2660 | D:4      | Noticed Menkaure
  2667 | D:4      | Killed from afar by Menkaure

Illustrated notes

Levels and vault maps discovered:
D:1:      minmay_arrival_jagged, layout_basic, serial_rivers,
          chequers_serial_rivers_large_b, chequers_serial_rivers_large_a,
          chequers_serial_rivers_small_3, chequers_serial_rivers_micro_d,
          chequers_serial_rivers_micro_a,
          hellmonk_ecumenical_altar_inner_sanctum
D:2:      layout_rooms, serial_shops, shop
D:3:      minmay_evil_eye, layout_loops_ring, uniq_terence, uniq_jessica
D:4:      layout_basic, kennysheep_generic_room_15, uniq_eustachio,
          uniq_grinder, uniq_menkaure, uniq_blork_the_orc

Skill      XL: |  1  2  3  4  5 |
---------------+----------------+-----
Fighting       | 3 |  3.7
Shields        | 1 2 |  2.1
Throwing       | 1 |  1.1
Dodging        | |  5.4
Spellcasting   | |  1.0
Translocations | |  1.0
Evocations     | |  1.0

Action                     |  1- 3 |  4- 6 || total
---------------------------+-------+-------++-------
  Melee: Dagger            |   112 |       ||   112
         Punch             |     1 |       ||     1
         Short sword       |    87 |       ||    87
         Trident           |     7 |    46 ||    53
  Throw: Dart              |     1 |       ||     1
  Evoke: Wand              |     2 |       ||     2
    Use: Potion            |     1 |       ||     1
         Scroll            |     3 |     7 ||    10
 Armour: Leather armour    |    87 |    14 ||   101
  Dodge: Dodged            |   170 |    26 ||   196
  Block: Buckler           |    10 |     8 ||    18

Table legend: (Time is in decaauts)
 A = Elapsed time spent in this place.
 B = Non-inter-level travel time spent in this place.
 C = Inter-level travel time spent in this place.
 D = Time resting spent in this place.
 E = Time spent auto-exploring this place.
 F = Levels seen in this place.
 G = Mean time per level.
                   A        B        C        D        E       F      G
               +--------+--------+--------+--------+--------+-----+--------+
         Total |   2742 |   2674 |     68 |     41 |   1987 |   4 |  685.5 |
       Dungeon |   2742 |   2674 |     68 |     41 |   1987 |   4 |  685.5 |
               +--------+--------+--------+--------+--------+-----+--------+

Top non-repeatable levels by time:
     D:1: 1188 daAuts
     D:3: 946 daAuts
     D:2: 515 daAuts
     D:4: 91 daAuts
